 Dungeon Crawl Stone Soup version 0.18.1-48-g4cf74bf (webtiles) character file.

165 Gargoyl the Skirmisher (level 5, 0/42 HPs)
             Began as a Demonspawn Abyssal Knight on July 24, 2016.
             Was a Believer of Lugonu.
             Succumbed to a worker ant's poison
             ... on level 4 of the Dungeon.
             The game lasted 00:06:45 (3566 turns).

Gargoyl the Skirmisher (Demonspawn Abyssal Knight)  Turns: 3566, Time: 00:06:46

Health: 0/42       AC: 10    Str: 18    XL:     5   Next: 22%
Magic:  6/6        EV: 16    Int: 13    God:    Lugonu [**....]
Gold:   128        SH:  0    Dex: 18    Spells: 0 memorised, 4 levels left

rFire  . . .     SeeInvis .     a - +1 hand axe
rCold  . . .     Gourm    .     e - +1 scale mail {MR+}
rNeg   . . .     Faith    .     (no shield)
rPois  .         Spirit   .     f - +1 hat
rElec  .         Dismiss  .     (no cloak)
rCorr  .         Reflect  .     (no gloves)
SustAt .         Harm     .     g - +0 pair of boots
MR     +....                    (no amulet)
Stlth  +.........               (no ring)
                                (no ring)

@: mighty, agile, lethally poisoned (0 -> -8), somewhat resistant to hostile
enchantments, very unstealthy
A: talons 1, powered by pain 2
a: Depart the Abyss, Bend Space, Renounce Religion


You were on level 4 of the Dungeon.
You worshipped Lugonu.
Lugonu was pleased with you.
You were not hungry.

You visited 1 branch of the dungeon, and saw 4 of its levels.
You visited the Abyss 1 time.

You collected 128 gold pieces.

Inventory:

Hand Weapons
 a - a +1 hand axe (weapon)
Armour
 e - a +1 scale mail of magic resistance (worn)
 f - a +1 hat (worn)
 g - a +0 pair of boots (worn)
Scrolls
 b - a scroll of recharging {unknown}
 h - 4 scrolls of identify {unknown}
 i - a scroll of fear {unknown}
 j - a scroll of fog
 k - a scroll of immolation {unknown}
 p - 2 scrolls of remove curse {unknown}
 q - 3 scrolls of noise {unknown}
 s - 2 scrolls of blinking {unknown}
Books
 l - an Akashic Record

   Spells                             Type                      Level
   a - Dispersal                      Translocation                6
   b - Malign Gateway                 Summoning/Translocation      7
   c - Disjunction                    Translocation                8
   d - Controlled Blink               Translocation                8
Comestibles
 c - a bread ration
 d - 4 meat rations
 m - 4 fruits
 n - a royal jelly


   Skills:
 + Level 3.8 Fighting
 + Level 2.3 Axes
 * Level 3.5 Armour
 + Level 2.1 Dodging
 + Level 2.4 Invocations


You had 4 spell levels left.
You didn't know any spells.

Dungeon Overview and Level Annotations

Branches:
Dungeon (4/15)
 Temple: D:4-7

Altars:
Yredelemnul


Innate Abilities, Weirdness & Mutations

You have sharp toenails.
You sometimes gain power by taking damage.


Message History

You feel sick.
Things that are here:
a worker ant corpse; a jackal corpse Drink which item? (? for menu, Esc to quit)
It was a potion of agility.
You feel agile all of a sudden.
* * * LOW HITPOINT WARNING * * *
You feel sick.
Drink which item? (? for menu, Esc to quit)
It was a potion of might.
You feel very mighty all of a sudden.
* * * LOW HITPOINT WARNING * * *
You feel sick.
* * * LOW HITPOINT WARNING * * *
You feel sick.
* * * LOW HITPOINT WARNING * * *
You feel sick.
* * * LOW HITPOINT WARNING * * *
You feel sick.
You die...

#....###+##..........
#.........#........
#.........#.......
#<........#....#
##'####...#..†.+
#....##...'....#
#.........#....#
#.........#....#
#.........#@...#
###########....#
..#### ...# ....#
.....# #######


There were no monsters in sight!

Vanquished Creatures
  A worker ant (D:4)
  4 gnolls
  2 adders
  2 worms (D:2)
  2 dart slugs
  A giant gecko (D:1)
  3 bats
  2 giant cockroaches
  8 goblins
  10 hobgoblins
  13 jackals
  A quokka (D:2)
  A giant gecko skeleton (D:4)
  4 giant newts
  10 kobolds
  13 rats
77 creatures vanquished.

Notes
Turn   | Place    | Note
--------------------------------------------------------------
     0 | Abyss:1  | Gargoyl the Demonspawn Abyssal Knight began the quest for the Orb.
     0 | Abyss:1  | Reached XP level 1. HP: 18/18 MP: 2/2
    75 | Abyss:1  | Noticed a large abomination
    89 | Abyss:2  | Found a corrupted altar of Lugonu.
   156 | Abyss:4  | Found a corrupted altar of Lugonu.
   156 | Abyss:4  | Noticed a great orb of eyes
   156 | Abyss:4  | Noticed a raiju
   156 | Abyss:4  | Noticed a flying skull
   157 | D:1      | Escaped the Abyss
   346 | D:1      | Gained mutation: You have sharp toenails. [demonic ancestry]
   346 | D:1      | Reached XP level 2. HP: 17/24 MP: 3/3
   566 | D:1      | Reached * piety under Lugonu
   584 | D:1      | Reached skill level 1 in Dodging
   658 | D:1      | Gained mutation: You sometimes gain a little power by taking damage. [demonic ancestry]
   658 | D:1      | Reached XP level 3. HP: 28/29 MP: 4/4
  1686 | D:1      | Reached XP level 4. HP: 5/35 MP: 5/5
  2052 | D:2      | Reached ** piety under Lugonu
  3247 | D:3      | Gained mutation: You sometimes gain power by taking damage. [demonic ancestry]
  3247 | D:3      | Reached XP level 5. HP: 33/42 MP: 6/6
  3440 | D:3      | Found a basalt altar of Yredelemnul.
  3564 | D:4      | HP: 2/42 [poisoned by a worker ant]
  3566 | D:4      | Succumbed to a worker ant's poison

Skill      XL: |  1  2  3  4 |
---------------+-------------+-----
Armour         | 2 3 |  3.5
Dodging        | 1 2 |  2.1
Axes           | 2 |  2.3
Fighting       | |  3.8
Invocations    | |  2.4

Action                   |  1- 3 |  4- 6 || total
-------------------------+-------+-------++-------
Melee: Hand axe          |   124 |   162 ||   286
Invok: Depart the Abyss  |     1 |       ||     1
  Use: Potion            |     3 |     2 ||     5
       Scroll            |     1 |       ||     1
  Eat: Chunk             |     2 |     7 ||     9
Armor: Ring mail         |    12 |       ||    12
       Scale mail        |    55 |   115 ||   170
Dodge: Dodged            |    88 |   121 ||   209
